 Dungeon Crawl Stone Soup version 0.28.0-43-g3370ac3207 (webtiles) character file.

Game seed: 12395157059156791687

7 demenzo the Skirmisher (level 2, 0/25 HPs)
             Began as a Djinni Cinder Acolyte on Mar 15, 2022.
             Was a High Priest of Ignis.
             Killed from afar by a dart slug (3 damage)
             ... with a slug dart
             ... on level 1 of the Dungeon.
             The game lasted 00:00:31 (82 turns).

demenzo the Skirmisher (Djinni Cinder Acolyte)        Turns: 82, Time: 00:00:32

Health: 0/25       AC:  2    Str: 13    XL:     2   Next: 5%
Gold:   0          EV: 11    Int: 15    God:    Ignis [*****.] SH:  0 Dex:  8

rFire   + + +      SeeInvis .   a - -1 falchion (flame)
rCold   x . .      Faith    .   (no shield)
rNeg    . . .      Spirit   .   b - +0 robe
rPois   ∞          Reflect  .   (no helmet)
rElec   .          Harm     .   (no cloak)
rCorr   .          Rampage  .   (no gloves)
Will    .....                   (boots unavailable)
Stlth   +.........              (no amulet)
HPRegen 0.08/turn               (no ring)
MPRegen 0.00/turn               (no ring)

@: flying
A: sickness immunity, fire resistance 2, cold vulnerability 1, float, innate
caster, HP casting, extra vitality 1
a: Renounce Religion, Fiery Armour, Foxfire Swarm, Rising Flame


You were on level 1 of the Dungeon.
You worshipped Ignis.
Ignis was extremely pleased with you.
You visited 1 branch of the dungeon, and saw 1 of its levels.

Inventory:

Hand Weapons
 a - a -1 falchion of flaming (weapon)
Armour
 b - a +0 robe (worn)


   Skills:
 + Level 3.1 Fighting
 * Level 2.9 Long Blades
 + Level 2.5 Spellcasting


You had 4 spell levels left.
You knew the following spells:

 Your Spells              Type           Power      Damage    Failure   Level
a - Scorch                Fire           18%        2d6       12%         2
Your spell library was empty.

Dungeon Overview and Level Annotations

Branches:
Dungeon (1/15)

Altars:


Innate Abilities, Weirdness & Mutations

You are immune to sickness and miasma.
You are immune to poison.
Your flesh is very heat resistant. (rF++)
You are vulnerable to cold. (rC-)
You float through the air rather than walking.
You learn spells naturally, not from books.
Your magical power is your life essence.
You have superior vitality. (+4 MHP)


Message History

The kobold hits you with a +0 short sword.
The dart slug completely misses you.
Things that are here:
a +0 whip; a kobold corpse You hit the kobold but do no damage.
The kobold barely misses you.
You closely miss the kobold. The dart slug bites you. The kobold misses you.
You closely miss the kobold. The kobold closely misses you.
The dart slug bites you but does no damage.
You hit the kobold. You burn the kobold.
The kobold is severely wounded.
The kobold hits you with a +0 short sword.
The dart slug bites you but does no damage.
You closely miss the kobold.
The kobold is severely wounded.
The kobold misses you. The dart slug bites you. The kobold barely misses you.
You are too injured to fight recklessly!
You are too injured to fight recklessly!
You closely miss the kobold.
The kobold is severely wounded.
The kobold hits you with a +0 short sword.
The dart slug launches a dart at you. The slug dart misses you.
You hit the kobold but do no damage.
The kobold is severely wounded.
The kobold hits you with a +0 short sword.
* * * LOW HITPOINT WARNING * * *
You closely miss the kobold.
The kobold is severely wounded.
The dart slug bites you but does no damage.
The kobold hits you with a +0 short sword.
* * * LOW HITPOINT WARNING * * *
You hit the kobold. You burn the kobold.
You kill the kobold!
The dart slug bites you but does no damage.
You have reached level 2!
You hit the dart slug. You burn the dart slug.
The dart slug is severely wounded.
The dart slug launches a dart at you. The slug dart hits you.
You die...

#....⌠....#.......
###......##.......
#......#........
#......#.8.#####
#......#...#
#......#####
#########.........
#>.................
#......@...........
#.....)w..........#
#.........######...
#.........#
#..........
#...........
#........#...
######....#.##


You could see a dart slug.

Vanquished Creatures
  A dart slug (D:1)
  2 kobolds (D:1)
  A bat (D:1)
  A rat (D:1)
5 creatures vanquished.

Notes
Turn   | Place    | Note
-------+----------+-------------------------------------------
     0 | D:1      | demenzo the Djinni Cinder Acolyte began the quest for the
                  | Orb.
     0 | D:1      | Reached XP level 1. HP: 20/20 MP: 0/0
    82 | D:1      | Reached XP level 2. HP: 3/25 MP: 0/0
    82 | D:1      | Killed from afar by a dart slug

Illustrated notes

Levels and vault maps discovered:
D:1:      wander_arrival_estate, layout_rooms, shapermc_ecumenical_altar_gd,
          serial_shops, shop, minmay_three_crescents

Action                   || total
-------------------------++-------
Melee: Falchion          ||    17
Armor: Robe              ||     9
Dodge: Dodged            ||    13
